 Dungeon Crawl Stone Soup version 0.31-a0-1581-g41d5ff3e7b (webtiles) character file.

Game seed: 10257361243441198827

138 Malachi the Changeling (level 5, 0/39 HPs)
             Began as a Merfolk Shapeshifter on Jan 5, 2024.
             Succumbed to a kobold's poison
             ... on level 3 of the Dungeon.
             The game lasted 00:03:33 (2649 turns).

Malachi the Changeling (Merfolk Shapeshifter)       Turns: 2649, Time: 00:03:34

Health: 0/39       AC:  6    Str: 16    XL:     5   Next: 21%
Magic:  5/5        EV: 11    Int:  9    God:
Gold:   111        SH:  0    Dex: 14    Spells: 4/4 levels left

rFire   . .          .
                       - Unarmed
rCold   . . .        (no shield)
rNeg    . . .        p - +0 scale mail
rPois   .            (helmet currently unavailable)
rElec   .            (cloak currently unavailable)
rCorr   .            (gloves currently unavailable)
SInv    .            (boots currently unavailable)
Will    .....        (no amulet) Stlth
                     (no ring)
HPRegen 0.26/turn    (no ring)
MPRegen 0.09/turn

%: no passive effects
@: lethally poisoned (0 -> -20), beast-form, attractive
A: beast (slay +2), (nimble swimmer 2), mertail
a: Begin Untransformation


You were on level 3 of the Dungeon.
You were a hulking beast.
You visited 1 branch of the dungeon, and saw 3 of its levels.

You collected 111 gold pieces.

Inventory:

Armour
 e - an orb of energy
 i - a +1 cloak
 p - a +0 scale mail (worn)
Talismans
 c - a beast talisman
 d - a flux talisman
 m - a serpent talisman
Scrolls
 a - 4 scrolls of fog
 f - a scroll of enchant weapon
 h - 2 scrolls of immolation
 l - a scroll of noise {unknown}
 n - a scroll of amnesia
Potions
 b - a potion of lignification
 g - 2 potions of attraction
 j - a potion of heal wounds {unknown}
 k - a potion of haste {unknown}
 o - a potion of enlightenment {unknown}


   Skills:
 + Level 2.6 Fighting
 + Level 4.1 Dodging
 + Level 4.1 Unarmed Combat
 * Level 5.1 Shapeshifting


You had 4 spell levels left.
You didn't know any spells.
Your spell library contained the following spells:

 Spells                   Type           Power      Damage    Failure   Level
 Sandblast                Erth           0%         2d4       83%         1
 Passwall                 Erth           0%         N/A       99%         3
 Stone Arrow              Conj/Erth      0%         3d7       99%         3
 Brom's Barrelling Bould  Conj/Erth      0%         2d3       100%        4


Dungeon Overview and Level Annotations

Branches:
Dungeon (3/15)

Altars:

Annotations:
D:2 1 runed translucent door, exclusion: door, Crazy Yiuf


Innate Abilities, Weirdness & Mutations

You are a hulking beast.
Your limbs bulge with bestial killing power. (Slay +2)
((You are very nimble when in or above water. (Stealth+, EV+, Speed+++)))
Your lower body shifts to a powerful aquatic tail in water.


Message History

You completely miss the dart slug.
The dart slug is almost dead.
You feel sick.
The kobold hits you with a +0 short sword.
The dart slug bites you but does no damage.
The ball python bites you but does no damage.
The ball python barely misses you.
You feel sick.
The kobold throws a poisoned dart.
The poisoned dart hits you!
You are more poisoned.
Things that are here:
a +0 short sword; 8 poisoned darts; a kobold corpse You feel very sick.
You feel very sick.
You feel sick.
You feel sick.
You feel sick. The ball python misses you. The ball python grabs you.
The ball python constricts you.
You escape the ball python's grasp.
You feel sick.
You feel sick.
You feel sick.
You feel sick.
You feel sick.
You are no longer poisoned.
You hit the ball python.
You kill the ball python!
You see here a ball python corpse.
The kobold throws a poisoned dart.
The poisoned dart hits you!
You are poisoned.
You feel sick.
The kobold throws a poisoned dart.
The poisoned dart hits you!
You are lethally poisoned!
You punch the dart slug!
You kill the dart slug!
* * * LOW HITPOINT WARNING * * *
You feel very sick.
The kobold throws a poisoned dart.
The poisoned dart hits you!
You are more poisoned.
Unknown command.
It was a potion of attraction.
You feel attractive to monsters.
You die...

.....# .##..# ##. ###..# #.. #..#
#.# .# ###..# ... .# ÷....# #.#
#'## ####.# #.# #...## #.##
#†#### ##.....# # #..## #h##.##
##.......
####...#########†#...####........
+...............K........).......
##.#...########..................
##.#.†## #.#.#.#..#####.....
#.#..#### #...###..#J!$#....#
#.#.....# ##.## #..#$)!#...##
#.##.##.# ... #..#)$"#..##
#.##.##.# ##.## #..#####..#


You could see a kobold.

Vanquished Creatures
  Terence (D:3)
  4 adders (D:2)
  2 dart slugs
  10 bats
  7 endoplasms
  A giant cockroach (D:1)
  2 goblins (D:1)
  5 hobgoblins
  2 jackals (D:1)
  6 kobolds
  5 quokkas
  12 ball pythons
  5 frilled lizards
  7 rats
69 creatures vanquished.

Notes
Turn   | Place    | Note
-------+----------+-------------------------------------------
     0 | D:1      | Malachi the Merfolk Shapeshifter began the quest for the
                  | Orb.
     0 | D:1      | Reached XP level 1. HP: 15/15 MP: 1/1
   116 | D:1      | Reached XP level 2. HP: 8/21 MP: 2/2
   439 | D:1      | Reached XP level 3. HP: 14/27 MP: 3/3
  1058 | D:2      | Found a runed translucent door.
  1059 | D:2      | Noticed Crazy Yiuf
  1328 | D:2      | Found a faded altar of an unknown god.
  1345 | D:2      | Reached XP level 4. HP: 30/33 MP: 4/4
  2418 | D:3      | Noticed Terence
  2430 | D:3      | Killed Terence
  2431 | D:3      | Reached skill level 5 in Shapeshifting
  2431 | D:3      | Reached XP level 5. HP: 31/39 MP: 5/5
  2649 | D:3      | Succumbed to a kobold's poison

Illustrated notes

Levels and vault maps discovered:
D:1:      dpeg_arrival_signposts, layout_rooms
D:2:      layout_basic, ebering_ecumenical_altar_rust, minmay_snake_closets,
          uniq_crazy_yiuf_cottage
D:3:      layout_loops_corners, nicolae_overflow_hidden_temple,
          due_unseen_surprise, uniq_terence

Skill      XL: |  1  2  3  4 |
---------------+-------------+-----
Dodging        | 3 4 |  4.1
Fighting       | 2 |  2.6
Unarmed Combat | 4 |  4.1
Shapeshifting  | 5 |  5.1

Action                     |  1- 3 |  4- 6 || total
---------------------------+-------+-------++-------
  Melee: Unarmed           |   113 |    74 ||   187
         Punch             |       |     2 ||     2
    Use: Scroll            |       |     5 ||     5
         Potion            |       |     1 ||     1
   Stab: Sleeping          |     1 |       ||     1
 Armour: Animal skin       |    45 |       ||    45
         Leather armour    |    27 |    17 ||    44
         Scale mail        |       |    24 ||    24
  Dodge: Dodged            |    74 |    33 ||   107

Table legend: (Time is in decaauts)
 A = Elapsed time spent in this place.
 B = Non-inter-level travel time spent in this place.
 C = Inter-level travel time spent in this place.
 D = Time resting spent in this place.
 E = Time spent auto-exploring this place.
 F = Levels seen in this place.
 G = Mean time per level.
                   A        B        C        D        E       F      G
               +--------+--------+--------+--------+--------+-----+--------+
         Total |   2635 |   2529 |    106 |    122 |   1921 |   3 |  878.3 |
       Dungeon |   2635 |   2529 |    106 |    122 |   1921 |   3 |  878.3 |
               +--------+--------+--------+--------+--------+-----+--------+

Top non-repeatable levels by time:
     D:2: 1093 daAuts
     D:1: 851 daAuts
     D:3: 690 daAuts
